[Event "Wednesday April 4 Engine Tour 9 Rd Swiss 12m+1s Starts at 1600hrs ST"]
[Site "Infinity Chess"]
[Date "2018.4.4"]
[Round "1"]
[White "Marsell"]
[Black "star99"]
[Result "1/2-1/2 "]
[ECO "B53"]
[WhiteElo "2472"]
[BlackElo "2411"]
[WhiteEngine "asmFishW_2018-04-02_bmi2"]
[BlackEngine "Cryptic Heroes 9.2B"]
[EventType "Swiss"]
[WhiteTeam ""]
[BlackTeam ""]
[PlyCount "263"]
[TimeControl "720+1"]

1. e4 c5 2. Nf3 d6 3. d4 Nf6 4. Nc3 cxd4 5. Nxd4 Nc6 6. Bg5 e6 7. Qd2 Be7 
8. O-O-O O-O 9. f4 h6 10. Bh4 Nxd4 11. Qxd4 Qa5 12. Bc4 e5 13. fxe5 dxe5 
14. Qd3 Bg4 15. Rdf1 Rfd8 16. Qg3 Rac8 17. Bxf6 Bxf6 18. Bb3 Be6 19. Kb1 Rd6 
20. Nd5 Bxd5 21. Bxd5 Rb6 22. Bb3 Qc5 23. Rd1 Rd6 24. Rxd6 Qxd6 25. h4 b5 
26. Qh3 Rf8 27. a3 a5 28. g4 g5 29. h5 b4 30. a4 Kg7 31. Rf1 Qb6 32. Qf3 Rg8 
33. Bc4 Rb8 34. Qg3 Rd8 35. Bd5 Rd7 36. Qf3 Qa6 37. Qf5 Rd8 38. Ka2 Qd6 
39. Kb1 Rb8 40. Ka1 Rd8 41. Qf2 Qa6 42. Qf3 Rd6 43. Kb1 Rd8 44. Qf5 Qb6 
45. Rf3 Qd6 46. Bb3 Qa6 47. Bd5 Qd6 48. Ka2 Qe7 49. Rf2 Rf8 50. Kb1 Qd6 
51. Rf1 Rd8 52. Qf2 Rd7 53. Qf5 Qe7 54. Rf3 Rd6 55. Rf1 Qc7 56. Bb3 Qb6 
57. Kc1 Qa7 58. Bd5 Qc7 59. Rf3 Rb6 60. Rf2 Rd6 61. Rf3 Qb6 62. Bb3 Qc5 
63. Rf1 Qd4 64. Kb1 Qa7 65. Bd5 Qc5 66. Qf2 Qc7 67. Qe3 Qd7 68. Qc5 Qd8 
69. Ka2 Rd7 70. Qb5 Qc7 71. Rf3 Rd6 72. c4 bxc3 73. Rxc3 Qd7 74. Qxa5 Bd8 
75. Qc5 Ra6 76. Bb3 Rxa4+ 77. Bxa4 Qxa4+ 78. Ra3 Qxe4 79. Ra6 Bf6 80. Qc6 Qf4 
81. Ra4 Qf2 82. Qd6 e4 83. Qb4 Qe2 84. Ra8 Kh7 85. Ra7 Kg8 86. Ra8+ Kh7 
87. Ra7 Kg7 88. Qb3 Kh8 89. Ka3 e3 90. Qxf7 Qxb2+ 91. Ka4 Qd4+ 92. Kb5 Qd3+ 
93. Qc4 Qxc4+ 94. Kxc4 Bb2 95. Re7 Bc1 96. Kd3 Bd2 97. Re6 Kg7 98. Rg6+ Kh7 
99. Rb6 Bc1 100. Re6 Kg7 101. Rg6+ Kh7 102. Rb6 Bd2 103. Rb1 Kg7 104. Rd1 Kg8 
105. Rf1 Kg7 106. Ra1 Kg8 107. Ke2 Kf7 108. Ra7+ Kg8 109. Ra8+ Kf7 110. Ra7+ Kg8 
111. Re7 Bc1 112. Rc7 Bd2 113. Re7 Bc1 114. Rd7 Bd2 115. Rd8+ Kg7 116. Rd3 Bc1 
117. Rd7+ Kh8 118. Kf3 Kg8 119. Rd1 Bd2 120. Rb1 Kf7 121. Rb8 Kg7 122. Rb1 Kh7 
123. Rb6 Kg7 124. Rg6+ Kh7 125. Ra6 Bc1 126. Ra7+ Kg8 127. Ra2 Bd2 128. Rb2 Kg7 
129. Ke2 Kh7 130. Rb7+ Kg8 131. Rb1 Kg7 132. Ra1 1/2-1/2

[Event "Wednesday April 4 Engine Tour 9 Rd Swiss 12m+1s Starts at 1600hrs ST"]
[Site "Infinity Chess"]
[Date "2018.4.4"]
[Round "1"]
[White "CrapCleaner"]
[Black "Harry_Potter"]
[Result "1/2-1/2"]
[ECO "C50"]
[WhiteElo "2415"]
[BlackElo "2474"]
[WhiteEngine "Raubfisch ME262_GTZ16e2_CTG"]
[BlackEngine "asmFishW_2018-03-27_bmi2_CTG"]
[EventType "Swiss"]
[WhiteTeam ""]
[BlackTeam ""]
[PlyCount "77"]
[TimeControl "720+1"]

1. e4 e5 2. Nf3 Nc6 3. Bc4 Bc5 4. O-O Nf6 5. d3 d6 6. c3 a5 7. Bg5 h6 8. Bh4 Ba7 
9. Nbd2 g5 10. Bg3 O-O 11. Re1 Nh7 12. h3 g4 13. hxg4 Bxg4 14. Kh1 Qf6 
15. Nf1 Rae8 16. N1h2 Bd7 17. Bb5 Qg7 18. Nh4 Qg5 19. Qf3 Rb8 20. Qe2 Nf6 
21. N2f3 Qh5 22. Ba4 Kh8 23. Qd2 Rg8 24. Bd1 Rg4 25. Qc1 Rxg3 26. fxg3 Ng4 
27. d4 Nf2+ 28. Kh2 exd4 29. Nxd4 Bg4 30. Nxc6 bxc6 31. Bxg4 Nxg4+ 32. Kh3 Nf2+ 
33. Kh2 Ng4+ 34. Kh3 Rg8 35. Qf4 Nf2+ 36. Kh2 Ng4+ 37. Kh3 Nf2+ 38. Kh2 Ng4+ 
39. Kh3 1/2-1/2

[Event "Wednesday April 4 Engine Tour 9 Rd Swiss 12m+1s Starts at 1600hrs ST"]
[Site "Infinity Chess"]
[Date "2018.4.4"]
[Round "1"]
[White "SkyPilot"]
[Black "KillBill2017"]
[Result "1/2-1/2"]
[ECO "C50"]
[WhiteElo "2490"]
[BlackElo "2418"]
[WhiteEngine "stockfish_x64_bmi2_2018_03_30_CTG"]
[BlackEngine "Raubfisch ME262_GTZ17_CTG"]
[EventType "Swiss"]
[WhiteTeam ""]
[BlackTeam ""]
[PlyCount "96"]
[TimeControl "720+1"]

1. e4 e5 2. Nf3 Nc6 3. Bc4 Bc5 4. O-O Nf6 5. d3 d6 6. c3 a5 7. Re1 O-O 8. h3 h6 
9. Nbd2 Be6 10. a4 Ba7 11. b3 d5 12. exd5 Nxd5 13. Ne4 Re8 14. Bd2 Nf6 
15. Qe2 Qe7 16. Bb5 Bxb3 17. c4 Nxe4 18. Qxe4 Rad8 19. Bxc6 bxc6 20. Bc3 Qd6 
21. Bxe5 Qxd3 22. Qg4 Qg6 23. Qxg6 fxg6 24. Bxc7 Rxe1+ 25. Rxe1 Rd1 
26. Rxd1 Bxd1 27. Bxa5 Bxa4 28. Ne5 g5 29. Bc3 Bb6 30. Kf1 Bb3 31. Ke2 Ba2 
32. f3 c5 33. Kd3 Bb1+ 34. Ke3 Bc7 35. g3 Bf5 36. g4 Be6 37. Kd3 Bc8 38. Bb2 Bb7 
39. Ke3 Bxe5 40. Bxe5 Kf7 41. Kf2 Ba6 42. Ke3 Bxc4 43. Bd6 Bf1 44. Bxc5 g6 
45. Kf2 Bxh3 46. Bd6 h5 47. Bb4 hxg4 48. fxg4 Bxg4 1/2-1/2

[Event "Wednesday April 4 Engine Tour 9 Rd Swiss 12m+1s Starts at 1600hrs ST"]
[Site "Infinity Chess"]
[Date "2018.4.4"]
[Round "1"]
[White "MiKachomiKa QueeN"]
[Black "THE_MACHINE"]
[Result "1/2-1/2"]
[ECO "C55"]
[WhiteElo "2441"]
[BlackElo "2493"]
[WhiteEngine "BrainFish_180401_x64_modern"]
[BlackEngine "BrainFish_180401_x64_bmi2"]
[EventType "Swiss"]
[WhiteTeam ""]
[BlackTeam ""]
[PlyCount "446"]
[TimeControl "720+1"]

1. e4 e5 2. Nf3 Nc6 3. Bc4 Nf6 4. d3 Bc5 5. c3 d6 6. O-O O-O 7. Nbd2 a5 
8. Re1 Be6 9. Bb5 Ne7 10. d4 Ba7 11. Nf1 Ng6 12. Be3 c6 13. Bd3 a4 14. Bc2 b5 
15. h3 h6 16. Ng3 Bb6 17. Qd2 Re8 18. b3 axb3 19. axb3 Qc7 20. Red1 Qb7 
21. c4 Rxa1 22. Rxa1 Ra8 23. Rc1 b4 24. Nf5 Qb8 25. Rd1 Ra2 26. Qc1 Bc7 
27. Re1 Qa8 28. Bb1 Ra5 29. Nh2 Ra1 30. Qc2 c5 31. d5 Bd7 32. Ng4 Ne8 33. g3 Bd8 
34. h4 Nf8 35. f3 Qb8 36. Kg2 Ng6 37. Rh1 Qa7 38. Bc1 Qa8 39. Bb2 Ra6 
40. Bc1 Ra1 41. Bb2 Ra6 42. Nf2 Qc8 43. Bc1 Qc7 44. Qe2 Ra1 45. Qb2 Ra3 
46. Qe2 Ra5 47. Qd2 Ra6 48. Qe3 Ra1 49. Bb2 Ra5 50. Ng4 h5 51. Nf2 Bf6 
52. Bc1 Ra1 53. Qd3 Ra8 54. Qe2 Ra7 55. Bg5 Ra3 56. Qc2 Qd8 57. Be3 Bc8 
58. Re1 Nf8 59. Nd3 Ng6 60. Nf2 Nf8 61. Rh1 Ng6 62. Qd1 Qc7 63. Bd3 Qb6 
64. Bg5 Ra2 65. Bb1 Ra8 66. Bd3 Ra3 67. Be3 Ra8 68. Qe2 Ra3 69. Qc2 Ra5 
70. Qe2 Ra3 71. Qd1 Qd8 72. Bc2 Ra2 73. Bb1 Ra5 74. Nh3 Ra1 75. Ng5 Bd7 
76. Bd2 Qa8 77. Qc2 Qb8 78. Qb2 Ra8 79. Re1 Nh8 80. Ne3 Qd8 81. Rh1 Qc7 
82. Qc1 Ra3 83. Qd1 Ng6 84. Nf5 Ra1 85. Qc2 Ra8 86. Re1 Bd8 87. Nh3 Bf6 
88. Bc1 Bc8 89. Qb2 Ra7 90. Qd2 Qa5 91. Nf2 Qc7 92. Nd3 Ne7 93. Nf2 g6 
94. Ne3 Kf8 95. Bb2 Ng8 96. Rh1 Bg7 97. g4 Ngf6 98. Kg1 Qe7 99. Qe2 Kg8 
100. Rh2 Nh7 101. Nd3 Nef6 102. Nf2 Ne8 103. Nd3 Nef6 104. Qg2 Nf8 105. Bc2 Ra2 
106. Bb1 Ra7 107. Nf2 Ra8 108. Rh1 Ra7 109. Rh2 N8h7 110. Nc2 Nf8 111. Kh1 Ne8 
112. Qg1 Bh6 113. g5 Bg7 114. Qg3 Qc7 115. Nd3 Ba6 116. Rg2 Bc8 117. Qf2 Ra8 
118. Bc1 Ra6 119. Be3 Nd7 120. Bc1 Qb7 121. Bb2 Ra8 122. Ne3 Nf8 123. Rh2 Nd7 
124. Bc2 Nf8 125. Bd1 Qe7 126. Bc1 Ra7 127. Nc2 Ra8 128. Qg3 Ra7 129. Kg1 Bd7 
130. Be3 Ra2 131. Rf2 Bc8 132. Nc1 Ra8 133. Nd3 Ra6 134. Rh2 Ra8 135. Qe1 Ra6 
136. Qf2 Ra2 137. Qe1 Bd7 138. Rg2 Bc8 139. Rf2 Ra8 140. Re2 Bb7 141. Rh2 Ra2 
142. Rg2 Ra8 143. Re2 Ra5 144. Rd2 Ra6 145. Rh2 Ra2 146. Re2 Bc8 147. Qg3 Bb7 
148. Bc1 Qc7 149. Rd2 Bc8 150. Rh2 Ra8 151. Rg2 Ra2 152. Bb2 Qd7 153. Rh2 Qd8 
154. Qe1 Qe7 155. Qg3 Ra7 156. Be2 Ra2 157. Bf1 f6 158. Bc1 Bd7 159. gxf6 Bxf6 
160. Bb2 Bg7 161. Ne3 Bh6 162. Re2 Bg7 163. Bh3 Bxh3 164. Qxh3 Kh7 165. Qh2 Ra8 
166. Qg3 Ra2 167. Nd1 Kg8 168. Ne3 Ra8 169. Ng2 Nf6 170. Nf2 Qa7 171. Qg5 Ne8 
172. Nd3 Qa2 173. Nc1 Qa7 174. Ne1 Qd7 175. Ncd3 Ra2 176. Rh2 Bf6 177. Qg3 Qg7 
178. Bc1 Ra1 179. Be3 Qf7 180. Nc1 Kh7 181. Nc2 Rb1 182. Ne1 Qe7 183. Ned3 Ra1 
184. Kg2 Bg7 185. Rh1 Nf6 186. Rg1 Bh6 187. Bxh6 Kxh6 188. f4 N8d7 189. Qg5+ Kh7 
190. Re1 Rb1 191. Re2 Kg7 192. Re1 Kf7 193. Qh6 exf4 194. Nxf4 Nf8 195. e5 dxe5 
196. Ne6 Nxe6 197. Rxe5 Rb2+ 198. Kg1 Nxd5 199. Qh7+ Kf6 200. Qh8+ Kf7 
201. cxd5 Qxh4 202. dxe6+ Ke7 203. Qh7+ Kd6 204. Qd7+ Kxe5 205. Nd3+ Ke4 
206. Nxc5+ Kf5 207. Qd5+ Kg4 208. Qd4+ Kh3 209. Qe3+ Kg4 210. Qe4+ Kg3 
211. Qe1+ Kh3 212. Qe3+ Kg4 213. Qe4+ Kg3 214. Qe5+ Kf3 215. Qxb2 Qe1+ 
216. Kh2 Qg3+ 217. Kh1 Qh4+ 218. Kg1 Qg4+ 219. Kf1 Qh3+ 220. Kg1 Qg3+ 
221. Kf1 Qh3+ 222. Kg1 Qg4+ 223. Kf1 Qh3+ 1/2-1/2

[Event "Wednesday April 4 Engine Tour 9 Rd Swiss 12m+1s Starts at 1600hrs ST"]
[Site "Infinity Chess"]
[Date "2018.4.4"]
[Round "1"]
[White "Brtroy"]
[Black "Mr Aj"]
[Result "1-0"]
[ECO "B28"]
[WhiteElo "2497"]
[BlackElo "2442"]
[WhiteEngine "Stockfish_18040103_x64_bmi2_CTG"]
[BlackEngine "Houdini 6"]
[EventType "Swiss"]
[WhiteTeam ""]
[BlackTeam ""]
[PlyCount "197"]
[TimeControl "720+1"]

1. e4 c5 2. Nf3 a6 3. Nc3 d6 4. g3 e5 5. d3 g6 6. h4 h6 7. Nd5 Bg7 8. Nd2 Ne7 
9. Nxe7 Qxe7 10. Nc4 Be6 11. Nb6 Ra7 12. a4 O-O 13. Bg2 Nd7 14. Nd5 Bxd5 
15. exd5 b6 16. h5 g5 17. g4 f5 18. gxf5 Rxf5 19. Bh3 Rf8 20. Qe2 Kh8 
21. Be6 Qf6 22. c3 Rb7 23. Be3 Qe7 24. Kf1 Qe8 25. Kg1 Rf6 26. Rh2 Nf8 
27. Bg4 Qf7 28. c4 Re7 29. f3 Qe8 30. Qd1 Rff7 31. Rf2 Nh7 32. Be6 Rf6 33. a5 b5 
34. b4 cxb4 35. Rb1 bxc4 36. Rxb4 Qxh5 37. dxc4 Nf8 38. Bg4 Qg6 39. Qd2 Kg8 
40. c5 h5 41. cxd6 Rxd6 42. Bh3 Rf7 43. Rb6 Rff6 44. Qe2 Bh6 45. Be6+ Nxe6 
46. Rxd6 Nd4 47. Rd8+ Kh7 48. Rd7+ Bg7 49. Bxd4 exd4 50. Re7 Rf4 51. Qe6 g4 
52. Qxg6+ Kxg6 53. fxg4 Rxg4+ 54. Kf1 d3 55. Rf3 Rd4 56. Ke1 Bh6 57. Re6+ Kg7 
58. Re7+ Kg6 59. Re6+ Kg7 60. Rg3+ Kh7 61. Re7+ Kh8 62. Re8+ Kh7 63. Re7+ Kh8 
64. Rg6 Bf8 65. Re5 Kh7 66. Rg1 Bb4+ 67. Kd1 Rh4 68. Rf5 d2 69. d6 Bxd6 
70. Kxd2 Rh2+ 71. Ke3 Rh3+ 72. Ke4 Rh4+ 73. Kd5 Bb4 74. Kc6 Kh6 75. Kb7 Rg4 
76. Rc1 Kg6 77. Rd5 h4 78. Rc6+ Kg7 79. Kxa6 h3 80. Rh5 Rg3 81. Kb7 Bc3 
82. a6 Bd4 83. Rch6 Rb3+ 84. Ka8 Re3 85. Rxh3 Re8+ 86. Kb7 Re7+ 87. Kc6 Re2 
88. R6h4 Rc2+ 89. Kd5 Ba1 90. Rg4+ Kf6 91. Rf3+ Ke7 92. Re4+ Kd8 93. a7 Rd2+ 
94. Ke6 Kc7 95. Rc4+ Kb7 96. a8=Q+ Kxa8 97. Ra3+ Kb7 98. Rb3+ Ka6 99. Ra4# 1-0

[Event "Wednesday April 4 Engine Tour 9 Rd Swiss 12m+1s Starts at 1600hrs ST"]
[Site "Infinity Chess"]
[Date "2018.4.4"]
[Round "1"]
[White "RonWeasley"]
[Black "MarioDeMonti"]
[Result "1/2-1/2"]
[ECO "E32"]
[WhiteElo "2445"]
[BlackElo "2516"]
[WhiteEngine "BrainFish 010418 WM_CTG"]
[BlackEngine "stockfish_x64_bmi2_2018_02_18_CTG"]
[EventType "Swiss"]
[WhiteTeam ""]
[BlackTeam ""]
[PlyCount "92"]
[TimeControl "720+1"]

1. d4 Nf6 2. c4 e6 3. Nc3 Bb4 4. Qc2 O-O 5. e4 d5 6. e5 Ne4 7. Bd3 c5 
8. Nf3 cxd4 9. Nxd4 Nd7 10. Bf4 Qh4 11. g3 Qh5 12. O-O g5 13. cxd5 Bxc3 
14. bxc3 exd5 15. Bxe4 dxe4 16. e6 gxf4 17. exd7 Bxd7 18. Qxe4 fxg3 19. fxg3 b6 
20. Nf5 Rae8 21. Ne7+ Kg7 22. Qd4+ f6 23. Rae1 Bh3 24. Rf4 Rd8 25. Rh4 Qf3 
26. Qe4 Qxe4 27. Rexe4 Rd1+ 28. Kf2 Bd7 29. Rd4 Rxd4 30. Rxd4 Be6 31. Nd5 Bxd5 
32. Rxd5 Rc8 33. Rd7+ Kg6 34. Rxa7 Rxc3 35. Re7 Ra3 36. Re2 b5 37. Rb2 b4 
38. Kg1 Kg5 39. Rxb4 Rxa2 40. Rb6 Ra1+ 41. Kf2 Ra2+ 42. Kg1 f5 43. Rb1 f4 
44. gxf4+ Kxf4 45. Kf1 h5 46. Kg1 h4 1/2-1/2

[Event "Wednesday April 4 Engine Tour 9 Rd Swiss 12m+1s Starts at 1600hrs ST"]
[Site "Infinity Chess"]
[Date "2018.4.4"]
[Round "1"]
[White "MCDermont"]
[Black "hafaba"]
[Result "1/2-1/2"]
[ECO "A50"]
[WhiteElo "2516"]
[BlackElo "2446"]
[WhiteEngine "BrainFish 010418 WM_CTG"]
[BlackEngine "Eman 1.70-beta13 64-bit POPCNT"]
[EventType "Swiss"]
[WhiteTeam ""]
[BlackTeam ""]
[PlyCount "139"]
[TimeControl "720+1"]

1. d4 Nf6 2. c4 c6 3. Nf3 e6 4. Bf4 d5 5. e3 Bd6 6. Bxd6 Qxd6 7. Nc3 O-O 
8. Rc1 Nbd7 9. Bd3 b6 10. O-O Bb7 11. e4 dxe4 12. Nxe4 Nxe4 13. Bxe4 Nf6 
14. Qc2 Qf4 15. Rfe1 Rfd8 16. c5 Qc7 17. Qa4 h6 18. h3 Rab8 19. Rc3 Nxe4 
20. Rxe4 Rd5 21. Re5 Rxe5 22. Nxe5 Rd8 23. Nf3 bxc5 24. Rxc5 Qb6 25. b4 Rd5 
26. a3 f6 27. Qc2 Kf7 28. Qc3 Qd8 29. a4 Qd7 30. Rc4 Qe7 31. a5 Kg8 32. Nd2 e5 
33. Nf3 exd4 34. Rxd4 Qd6 35. h4 Bc8 36. Rxd5 Qxd5 37. Nd4 Bd7 38. f3 g5 
39. Ne2 Kf7 40. hxg5 hxg5 41. Qe3 a6 42. Kf2 Qd6 43. Qd4 Qxd4+ 44. Nxd4 Ke7 
45. g3 Bc8 46. f4 gxf4 47. gxf4 Kd6 48. f5 Bd7 49. Ke3 c5 50. bxc5+ Kxc5 
51. Ke4 Bc6+ 52. Kd3 Bd5 53. Ke3 Kc4 54. Nc2 Bg2 55. Nd4 Kb4 56. Nc2+ Kxa5 
57. Kf4 Bc6 58. Nd4 Bh1 59. Ke3 Bg2 60. Nc2 Bf1 61. Kd4 Bb5 62. Kc5 Bd3 
63. Nb4 Bb5 64. Na2 Bf1 65. Nb4 Be2 66. Na2 Bf3 67. Nc3 Bg4 68. Ne4 Ka4 
69. Nxf6 Bxf5 70. Ne8 1/2-1/2

[Event "Wednesday Apr 11 Engine Tour 9 Rd Swiss 12m+1s Starts at 1600hrs ST"]
[Site "Infinity Chess"]
[Date "2018.4.11"]
[Round "9"]
[White "star99"]
[Black "Thinker"]
[Result "1/2-1/2 "]
[ECO "C50"]
[WhiteElo "2418"]
[BlackElo "2435"]
[WhiteEngine "Cryptic Heroes 9.3B"]
[BlackEngine "BrainFish_180408_x64_modern_CTG"]
[EventType "Swiss"]
[WhiteTeam ""]
[BlackTeam ""]
[PlyCount "197"]
[TimeControl "720+1"]

1. e4 e5 2. Nf3 Nc6 3. Bc4 Bc5 4. O-O Nf6 5. d3 d6 6. Nc3 O-O 7. Bg5 h6 
8. Bh4 Bg4 9. h3 Bxf3 10. Qxf3 Nd4 11. Qd1 g5 12. Bg3 c6 13. a4 Re8 14. Ba2 a5 
15. Ne2 Nxe2+ 16. Qxe2 Kg7 17. Rfe1 Qd7 18. Rad1 Re7 19. Qf3 Rae8 20. Bh2 d5 
21. g4 d4 22. Kg2 Rh8 23. Rh1 Ree8 24. Qf5 Qxf5 25. gxf5 Nd7 26. h4 Bb4 
27. Rb1 Rb8 28. Bg3 f6 29. Rh2 Bd2 30. Bc4 Nc5 31. Rd1 Bf4 32. Ra1 Bxg3 
33. Kxg3 Ra8 34. Rhh1 Rhb8 35. Kf3 Ra7 36. Ke2 Raa8 37. Kd2 Rh8 38. Rh3 Rab8 
39. c3 b5 40. axb5 cxb5 41. Bd5 a4 42. Ke2 dxc3 43. bxc3 Rhe8 44. Rhh1 Red8 
45. Ke3 Rdc8 46. Rhb1 Rc7 47. Rb2 Rb6 48. hxg5 hxg5 49. Bc4 Rcb7 50. Bd5 Rc7 
51. f3 Kf8 52. Rab1 a3 53. Rxb5 Rxb5 54. Rxb5 Na4 55. Ra5 Nxc3 56. Bc4 Nb1 
57. Ra6 Kg7 58. Rb6 Nc3 59. Kd2 Ra7 60. Kxc3 a2 61. Bxa2 Rxa2 62. Kc4 Ra5 
63. Kb4 Ra7 64. Kc5 Rd7 65. Rd6 Rc7+ 66. Kd5 Kf7 67. d4 exd4 68. Kxd4 Ra7 
69. Ke3 Ra2 70. Rd2 Ra4 71. Rd6 Ra3+ 72. Ke2 Ra2+ 73. Ke3 Ra3+ 74. Rd3 Ra5 
75. Rd5 Ra1 76. Kf2 Rh1 77. Rd2 Rh2+ 78. Ke3 Rh1 79. Rc2 Rf1 80. Rc7+ Kf8 
81. Rc6 Ke7 82. Re6+ Kf7 83. Rc6 Re1+ 84. Kf2 Rh1 85. Rc4 Ra1 86. Rc8 Ke7 
87. Rc5 Rd1 88. Kg2 Rd2+ 89. Kh3 Rd1 90. Rc6 Rh1+ 91. Kg4 Kf7 92. Rc4 Rg1+ 
93. Kh3 Ra1 94. Rc7+ Kf8 95. Kg4 Rh1 96. Rc5 Kg8 97. Rc6 Kf7 98. Rc7+ Ke8 
99. Rc4 1/2-1/2

[Event "Wednesday Apr 11 Engine Tour 9 Rd Swiss 12m+1s Starts at 1600hrs ST"]
[Site "Infinity Chess"]
[Date "2018.4.11"]
[Round "9"]
[White "hafaba"]
[Black "Time_bandit"]
[Result "1/2-1/2"]
[ECO "C55"]
[WhiteElo "2454"]
[BlackElo "2436"]
[WhiteEngine "Eman 1.70-beta18x 64-bit POPCNT_CTG"]
[BlackEngine "asmFishW_2018-02-02_popcnt"]
[EventType "Swiss"]
[WhiteTeam ""]
[BlackTeam ""]
[PlyCount "50"]
[TimeControl "720+1"]

1. e4 e5 2. Nf3 Nc6 3. Bc4 Nf6 4. d3 Bc5 5. O-O d6 6. c3 a5 7. Nbd2 O-O 
8. Re1 h6 9. h3 Be6 10. a4 Bb6 11. b3 d5 12. Bb5 Ne7 13. exd5 Nfxd5 14. Qc2 c6 
15. Bc4 Ng6 16. d4 Ndf4 17. dxe5 Nh4 18. Bf1 Bd5 19. Nxh4 Nxh3+ 20. gxh3 Bxf2+ 
21. Kxf2 Qxh4+ 22. Ke2 Qh5+ 23. Kf2 Qh4+ 24. Ke2 Qh5+ 25. Kf2 Qh4+ 1/2-1/2

[Event "Wednesday Apr 11 Engine Tour 9 Rd Swiss 12m+1s Starts at 1600hrs ST"]
[Site "Infinity Chess"]
[Date "2018.4.11"]
[Round "9"]
[White "CrapCleaner"]
[Black "Murx"]
[Result "1/2-1/2"]
[ECO "B12"]
[WhiteElo "2460"]
[BlackElo "2458"]
[WhiteEngine "Houdini 6.03 Standard_CTG"]
[BlackEngine "asmFishW_2018-04-07_popcnt"]
[EventType "Swiss"]
[WhiteTeam ""]
[BlackTeam ""]
[PlyCount "93"]
[TimeControl "720+1"]

1. e4 c6 2. d4 d5 3. e5 Bf5 4. Nf3 e6 5. Be2 Nd7 6. O-O Ne7 7. c3 h6 8. Nbd2 Qc7 
9. Re1 a5 10. a4 Bg6 11. b3 Nf5 12. Rf1 c5 13. Bb2 cxd4 14. cxd4 Bb4 15. Ne1 Nb8 
16. Nd3 Nc6 17. Nf3 Bh5 18. Nxb4 axb4 19. Rc1 Qb6 20. Rc5 O-O 21. h3 Bxf3 
22. Bxf3 Rfc8 23. Qc1 Qd8 24. Rd1 Qg5 25. Bg4 Nfe7 26. Qxg5 hxg5 27. Rdc1 Na5 
28. Rxc8+ Nxc8 29. Bd1 Nc6 30. Kf1 N8e7 31. Ke2 Kf8 32. Bc2 Ke8 33. Rf1 b6 
34. Kd3 Ng6 35. g3 Kd7 36. Rh1 Rc8 37. Bd1 Rh8 38. Bc1 f6 39. exf6 gxf6 
40. Be3 Ke8 41. Be2 Kf7 42. Rc1 Nge7 43. Bg4 Na5 44. Rb1 Nac6 45. Rc1 Na5 
46. Rb1 Nac6 47. Rc1 1/2-1/2

[Event "Wednesday Apr 11 Engine Tour 9 Rd Swiss 12m+1s Starts at 1600hrs ST"]
[Site "Infinity Chess"]
[Date "2018.4.11"]
[Round "9"]
[White "Deep_Impact"]
[Black "Marsell"]
[Result "1/2-1/2"]
[ECO "D15"]
[WhiteElo "2429"]
[BlackElo "2464"]
[WhiteEngine "asmFishW_2018-04-07_bmi2"]
[BlackEngine "BrainFish_180408_x64_bmi2"]
[EventType "Swiss"]
[WhiteTeam ""]
[BlackTeam ""]
[PlyCount "110"]
[TimeControl "720+1"]

1. d4 d5 2. c4 c6 3. Nf3 Nf6 4. Nc3 e6 5. Bg5 h6 6. Bxf6 Qxf6 7. e3 Nd7 
8. Be2 g6 9. O-O Bg7 10. e4 dxe4 11. Nxe4 Qf4 12. Qc2 f5 13. Ned2 c5 14. g3 Qc7 
15. Nh4 Bxd4 16. Nxg6 Rg8 17. Nh4 Nf6 18. Ndf3 Rxg3+ 19. hxg3 Qxg3+ 20. Ng2 Ng4 
21. Qd2 Bxf2+ 22. Rxf2 Qxf2+ 23. Kh1 Bd7 24. Ne5 O-O-O 25. Nxg4 fxg4 26. Rd1 h5 
27. b3 b6 28. Qd3 Qf5 29. Kg1 Qxd3 30. Rxd3 Be8 31. Kf2 Rxd3 32. Bxd3 Kd8 
33. Nf4 Ke7 34. Kg3 Kf6 35. Kh4 Ke5 36. Ne2 Bf7 37. Kg5 a6 38. a3 a5 39. Kh4 Be8 
40. Kg3 Bc6 41. Bg6 Bf3 42. Nc3 Kd4 43. Nb5+ Ke3 44. Bxh5 Kd2 45. Kf4 Kc2 
46. b4 cxb4 47. axb4 axb4 48. Nd4+ Kd3 49. Nxf3 gxf3 50. Bxf3 b3 51. Ke5 b2 
52. Be4+ Kxc4 53. Bg6 b5 54. Kxe6 Kb3 55. Bb1 b4 1/2-1/2

[Event "Wednesday Apr 11 Engine Tour 9 Rd Swiss 12m+1s Starts at 1600hrs ST"]
[Site "Infinity Chess"]
[Date "2018.4.11"]
[Round "9"]
[White "MarioDeMonti"]
[Black "Dovahkiin"]
[Result "1/2-1/2"]
[ECO "D31"]
[WhiteElo "2482"]
[BlackElo "2422"]
[WhiteEngine "stockfish_x64_bmi2_2018_02_18_CTG"]
[BlackEngine "Raubfisch ME262_GTZ16f_CTG"]
[EventType "Swiss"]
[WhiteTeam ""]
[BlackTeam ""]
[PlyCount "126"]
[TimeControl "720+1"]

1. d4 d5 2. c4 e6 3. Nc3 c6 4. e4 dxe4 5. Nxe4 Bb4+ 6. Bd2 Qxd4 7. Bxb4 Qxe4+ 
8. Be2 Na6 9. Ba5 b6 10. Qd6 Bd7 11. Bc3 f6 12. Nf3 Nh6 13. Rd1 Rd8 14. Qa3 Bc8 
15. Nd2 Qf4 16. Bh5+ Nf7 17. O-O c5 18. Qa4+ Ke7 19. Rfe1 Rhe8 20. Qc2 Bb7 
21. Bf3 Bxf3 22. Nxf3 Rxd1 23. Rxd1 Rd8 24. Rxd8 Nxd8 25. Qxh7 Kf7 26. Qd3 Nc6 
27. g3 Qc7 28. a3 Qd8 29. Qe4 Qd7 30. h4 Nc7 31. h5 e5 32. Qg6+ Kg8 33. h6 Ne6 
34. hxg7 Qf7 35. Qf5 Kxg7 36. Qg4+ Kf8 37. Qe4 Ncd4 38. Bxd4 cxd4 39. b3 Nc5 
40. Qa8+ Kg7 41. b4 Qb7 42. Qxb7+ Nxb7 43. Kf1 Nd6 44. Nd2 Kf7 45. Ke2 b5 
46. c5 Nc4 47. f3 Ke6 48. g4 Nxa3 49. Kd3 Kd7 50. Ne4 Ke6 51. c6 Nc4 52. c7 Nb6 
53. f4 exf4 54. Kxd4 f3 55. Kd3 Kd7 56. Nxf6+ Kxc7 57. Ke3 Kd6 58. Kxf3 Ke5 
59. g5 Kf5 60. Ne4 Nd5 61. Nd6+ Kxg5 62. Nxb5 a6 63. Ke4 Nxb4 1/2-1/2

[Event "Wednesday Apr 11 Engine Tour 9 Rd Swiss 12m+1s Starts at 1600hrs ST"]
[Site "Infinity Chess"]
[Date "2018.4.11"]
[Round "9"]
[White "RonWeasley"]
[Black "localhero"]
[Result "1/2-1/2"]
[ECO "D21"]
[WhiteElo "2486"]
[BlackElo "2431"]
[WhiteEngine "BrainFish 090218_CTG"]
[BlackEngine "asmFishW_2017-10-04_popcnt"]
[EventType "Swiss"]
[WhiteTeam ""]
[BlackTeam ""]
[PlyCount "78"]
[TimeControl "720+1"]

1. d4 d5 2. c4 dxc4 3. Nf3 e6 4. e3 Nf6 5. Bxc4 a6 6. O-O c5 7. b3 b5 
8. Be2 Nbd7 9. a4 b4 10. Nbd2 Bb7 11. Bb2 Be7 12. dxc5 Nxc5 13. Rc1 Rc8 
14. Rc4 Ncd7 15. Qa1 O-O 16. Rd1 Rxc4 17. Nxc4 Qa8 18. a5 Bd5 19. Nfe5 Nc5 
20. Nb6 Qb7 21. Nxd5 Nxd5 22. Bc4 Ne4 23. Bxd5 exd5 24. Nd3 Rc8 25. Bxg7 Nc3 
26. Bd4 Nxd1 27. Qxd1 Qd7 28. Qf3 Qe6 29. Qg3+ Kf8 30. Qg7+ Ke8 31. Qh8+ Kd7 
32. Qxh7 Qe4 33. Qxf7 Qxd3 34. Qxd5+ Bd6 35. Qf7+ Kc6 36. Qf3+ Kd7 37. Qf7+ Kc6 
38. Qf3+ Kc7 39. Qf7+ Kc6 1/2-1/2

[Event "Wednesday Apr 11 Engine Tour 9 Rd Swiss 12m+1s Starts at 1600hrs ST"]
[Site "Infinity Chess"]
[Date "2018.4.11"]
[Round "9"]
[White "SkyPilot"]
[Black "Harry_Potter"]
[Result "1/2-1/2"]
[ECO "E10"]
[WhiteElo "2502"]
[BlackElo "2486"]
[WhiteEngine "stockfish_x64_bmi2_2018_04_07_CTG"]
[BlackEngine "Stockfish_x64_bmi2_CTG"]
[EventType "Swiss"]
[WhiteTeam ""]
[BlackTeam ""]
[PlyCount "192"]
[TimeControl "720+1"]

1. d4 Nf6 2. c4 e6 3. Nf3 d5 4. Nc3 Be7 5. Bg5 h6 6. Bh4 O-O 7. e3 b6 8. Be2 Bb7 
9. Bxf6 Bxf6 10. cxd5 exd5 11. b4 c6 12. O-O Re8 13. Qb3 a5 14. bxa5 Rxa5 
15. a4 Bc8 16. Bd3 Be6 17. Rad1 Nd7 18. Qc2 Bg4 19. Bh7+ Kh8 20. Bf5 Bxf5 
21. Qxf5 Kg8 22. Rb1 Re6 23. Qc2 Qa8 24. Rfd1 Be7 25. g3 Bd8 26. h3 Nf6 
27. Rdc1 Bc7 28. Kg2 g6 29. Kg1 Qe8 30. Kg2 Qa8 31. Kg1 Ra6 32. Ne1 Kf8 
33. Nf3 Kg7 34. Kg2 Ra5 35. Kg1 Ra7 36. Rb2 Ra5 37. Rbb1 Ra6 38. Nd2 Qh8 
39. Kg2 Ra7 40. Kg1 Qb8 41. Nf3 Ra5 42. Kg2 Qe8 43. Ne2 Nd7 44. Nc3 Qa8 
45. Kh2 Re7 46. Kh1 Re8 47. Kg2 Re6 48. Kh2 Ra7 49. Rb2 Nf6 50. Kg1 Ng8 
51. Ra2 Ra5 52. Ne2 Ne7 53. Rb1 Rd6 54. Nf4 Qe8 55. Rab2 Rd8 56. Rb4 Rda8 
57. Ne2 Qd7 58. Kg2 Qd6 59. Nc3 Nf5 60. Ne2 Ne7 61. Nd2 Rc8 62. Nf4 Qf6 
63. Nf3 Rf8 64. Ne5 Qd6 65. e4 c5 66. Rb5 cxd4 67. Rxa5 bxa5 68. Rb7 Rc8 
69. Nf3 dxe4 70. Qxe4 Rb8 71. Rxb8 Bxb8 72. Nxd4 Qe5 73. Qxe5+ Bxe5 
74. Nfe2 Bxd4 75. Nxd4 Nd5 76. Nc6 g5 77. Nxa5 Nc3 78. Nc4 Nxa4 79. Kf3 Kf6 
80. g4 Kg6 81. Nd6 Nc3 82. Nf5 h5 83. Nd6 h4 84. Nc4 Kf6 85. Nb6 Ke5 
86. Nd7+ Kd4 87. Nf6 Ke5 88. Nd7+ Kd4 89. Nf6 Nd5 90. Nxd5 Kxd5 91. Ke3 f6 
92. f4 gxf4+ 93. Kxf4 Ke6 94. g5 f5 95. g6 Kf6 96. g7 Kf7 1/2-1/2